 Dungeon Crawl Stone Soup version 0.31-a0-1616-gbeaec30b81 (webtiles) character file.

Game seed: 16987174524309198758

1664011 Ge0ff the Green Merfolk (level 27, 208/208 HPs)
             Began as a Merfolk Alchemist on Jan 9, 2024.
             Was a Follower of Fedhas.
             Escaped with the Orb
             ... and 3 runes
             ... and 2 gems on Jan 10, 2024!
             The game lasted 03:35:12 (92323 turns).

Ge0ff the Green Merfolk (Merfolk Alchemist)        Turns: 92323, Time: 03:35:12

Health: 208/208    AC: 23    Str:  9 (10) XL:     27
Magic:  29/48      EV: 14    Int: 40 (41) God:    Fedhas [*.....]
Gold:   2361       SH: 10    Dex: 23      Spells: 6/60 levels left

rFire   + + +        a - +3 Elemental Staff {ele, rElec rF+ rC+ AC+3}
rCold   + + +        x - +3 buckler {rPois}
rNeg    + . .        i - +3 ring mail of Summer {rF+ Regen+ Int+3 Dex+2}
rPois   +            Q - +2 hat "Jiufoa" {rC+ Will+ Dex+3}
rElec   +            w - scarf of Osiatteg {rC+ rF+, Regen+}
rCorr   .            t - +1 pair of gloves of Weirdness {^Contam Will+++ Regen+ Slay+3}
SInv    .            e - +4 pair of boots of Complete Protection {rN+ Slay+3}
Will    +++++        Z - amulet "Weiploppa" {Spirit rElec Int+7 Dex-2}
Stlth   +            Y - +6 ring of intelligence
HPRegen 2.94/turn    L - ring of Itatod {*Corrode MP+9 Dex+4, =R}
MPRegen 0.31/turn

%: corrode self (3%), guardian spirit
@: slightly contaminated, hasted, wreathed by umbra, studying 2 skills, very
quick
A: (nimble swimmer 2), mertail, low MP 1, mutation resistance 1
0: Orb of Zot
}: 3/15 runes: barnacled, silver, gossamer
a: Renounce Religion


You escaped.
You worshipped Fedhas.
Fedhas was aware of your devotion.
You visited 11 branches of the dungeon, and saw 51 of its levels.
You visited 1 bazaar.
You also visited: Ossuary, Bailey, Ice Cave and Desolation.

You collected 9106 gold pieces.
You spent 6745 gold pieces at shops.

Inventory:

Hand Weapons
 a - the +3 Elemental Staff (weapon) {ele, rElec rF+ rC+ AC+3}
   (You bought it in a shop on level 2 of the Orcish Mines)

   AC+3:      It affects your AC (+3).
   rF+:       It protects you from fire.
   rC+:       It protects you from cold.
   rElec:     It insulates you from electricity.
Missiles
 f - 6 javelins
 g - 5 throwing nets {=F}
 v - 21 curare-tipped darts {=F}
 M - 11 silver javelins
Armour
 e - the +4 pair of boots of Complete Protection (worn) {rN+ Slay+3}
   (You found it on level 3 of the Elven Halls)

   Slay+3:    It affects your accuracy & damage with ranged weapons and melee
   (+3).
   rN+:       It protects you from negative energy.
 i - the +3 ring mail of Summer (worn) {rF+ Regen+ Int+3 Dex+2}
   (You found it on level 15 of the Dungeon)

   Int+3:     It affects your intelligence (+3).
   Dex+2:     It affects your dexterity (+2).
   rF+:       It protects you from fire.
   Regen+:    It increases your rate of health regeneration.
 t - the +1 pair of gloves of Weirdness (worn) {^Contam Will+++ Regen+ Slay+3}
   (You found it in the Desolation of Salt)

   Slay+3:    It affects your accuracy & damage with ranged weapons and melee
   (+3).
   Will+++:   It greatly increases your willpower.
   ^Contam:   It causes magical contamination when unequipped.
   Regen+:    It increases your rate of health regeneration.
 w - the scarf of Osiatteg (worn) {rC+ rF+, Regen+}
   (You found it on level 4 of the Spider Nest)

   Regen+:    It increases your rate of health regeneration.
 x - a +3 buckler of poison resistance (worn)
 A - the +1 cloak of Integrity {rF+ Will+}
   (You found it in the Desolation of Salt)

   rF+:       It protects you from fire.
   Will+:     It increases your willpower.
 G - a +2 pair of gloves of strength
 Q - the +2 hat "Jiufoa" (worn) {rC+ Will+ Dex+3}
   (You bought it in a shop in a bazaar)

   Dex+3:     It affects your dexterity (+3).
   rC+:       It protects you from cold.
   Will+:     It increases your willpower.
Magical Staves
 b - the staff of the Four Demons {Fly rPois rF+ rC+ rCorr Ice}
   (You found it on level 2 of the Depths)

   [staff of cold]

   Base accuracy: +5 Base damage: 5 Base attack delay: 1.2 This weapon's minimum
   attack delay (0.6) is reached at skill level 12.
   rF+:       It protects you from fire.
   rC+:       It protects you from cold.
   rPois:     It protects you from poison Fly: It grants you flight.
   rCorr:     It protects you from acid and corrosion.
   Ice:       It increases the power of your Ice spells.
   It falls into the 'Staves' category.
   It is a one-handed weapon.
Jewellery
 h - the ring "Jomeuh" {Fire rElec}
   (You found it on level 1 of the Spider Nest)

   [ring of fire]

   Fire:      It enhances your fire magic.
   rF+:       It protects you from fire.
   rC-:       It makes you vulnerable to cold.
   rElec:     It insulates you from electricity.
 k - the ring of Attitude {Fire rElec rN+}
   (You found it on level 3 of the Vaults)

   [ring of fire]

   Fire:      It enhances your fire magic.
   rF+:       It protects you from fire.
   rC-:       It makes you vulnerable to cold.
   rElec:     It insulates you from electricity.
   rN+:       It protects you from negative energy.
 D - a ring of see invisible
 L - the ring of Itatod (right hand) {*Corrode MP+9 Dex+4, =R}
   (You found it on level 15 of the Dungeon)

   [ring of magical power]

   Dex+4:     It affects your dexterity (+4).
   MP+9:      It affects your magic capacity (+9).
   *Corrode:  It may corrode you when you take damage.
 P - an amulet of faith
 Y - a +6 ring of intelligence (left hand)
 Z - the amulet "Weiploppa" (around neck) {Spirit rElec Int+7 Dex-2}
   (You found it on level 15 of the Dungeon)

   [amulet of guardian spirit]

   Spirit:    It causes incoming damage to be divided between your reserves of
   health and magic.
   Int+7:     It affects your intelligence (+7).
   Dex-2:     It affects your dexterity (-2).
   rElec:     It insulates you from electricity.
Wands
 d - a wand of digging (17)
 j - a wand of light (22)
 p - a wand of paralysis (62)
 r - a wand of roots (17)
 s - a wand of mindburst (57)
Scrolls
 m - 5 scrolls of revelation
 y - 9 scrolls of immolation
 B - a scroll of blinking
 C - 12 scrolls of poison
 E - 3 scrolls of fear
 F - 4 scrolls of fog
 J - a scroll of silence {!r}
 T - 15 scrolls of teleportation
 V - 8 scrolls of vulnerability
Potions
 o - a potion of ambrosia
 q - 17 potions of curing
 u - 7 potions of mutation {!q}
 z - 2 potions of brilliance
 H - 6 potions of haste {!q}
 I - 5 potions of invisibility
 K - 6 potions of magic {!q}
 N - 8 potions of cancellation {!q}
 R - 11 potions of resistance
 W - 16 potions of heal wounds {!q}
 X - 13 potions of enlightenment
Miscellaneous
 c - a condenser vane
 l - a lightning rod (4/4)
 n - a phial of floods
 O - a sack of spiders
 U - a phantom mirror


   Skills:
 + Level 15.5 Fighting
 - Level 5.8 Staves
 + Level 3.5 Throwing
 + Level 10.3 Armour
 + Level 6.8 Dodging
 + Level 4.9 Stealth
 + Level 7.9 Shields
 - Level 17.0 Spellcasting
 + Level 7.7 Conjurations
 - Level 10.0 Necromancy
 + Level 5.8 Translocations
 + Level 14.2 Fire Magic
 - Level 17.0 Ice Magic
 - Level 17.0 Air Magic
 + Level 9.5 Earth Magic
 - Level 12.0 Alchemy
 - Level 17.1 Invocations
 + Level 6.1 Evocations


You had 6 spell levels left.
You knew the following spells:

 Your Spells              Type           Power      Damage    Failure   Level
a - Sublimation of Blood  Necr           85%        N/A       1%          2
d - Iskenderun's Mystic   Conj/Tloc      73%        2d15      1%          4
g - Apportation           Tloc           100%       N/A       1%          1
h - Lee's Rapid Deconstr  Erth           52%        3d25*     1%          5
i - Ignite Poison         Fire/Alch      100%       N/A       1%          4
m - Plasma Beam           Fire/Air       75%        2x1d93    1%          6
o - Freezing Cloud        Conj/Ice/Air   72%        6-21      1%          5
r - Olgreb's Toxic Radia  Alch           92%        N/A       1%          4
s - Maxwell's Capacitive  Air            65%        ∞         16%         8
w - Passwall              Erth           100%       N/A       1%          3
C - Ozocubu's Refrigerat  Ice            65%        4d21      1%          7
E - Irradiate             Conj/Alch      42%        3d25      1%          5

Your spell library contained the following spells:

 Spells                   Type           Power      Damage    Failure   Level
 Shock                    Conj/Air       100%       1d9       0%          1
 Mercury Vapours          Alch/Air       100%       N/A       0%          2
 Scorch                   Fire           100%       2d9       0%          2
 Ozocubu's Armour         Ice            100%       N/A       0%          3
 Foxfire                  Conj/Fire      100%       2x1d9     1%          1
 Kiss of Death            Conj/Necr      100%       2d13      1%          1
 Magic Dart               Conj           100%       1d8       1%          1
 Sandblast                Erth           100%       2d20      1%          1
 Sting                    Conj/Alch      100%       1d9       1%          1
 Cigotuvi's Dreadful Rot  Necr/Alch/Air  100%       N/A       1%          2
 Ensorcelled Hibernation  Hex/Ice        100%       N/A       1%          2
 Lesser Beckoning         Tloc           100%       N/A       1%          2
 Searing Ray              Conj           100%       2d8       1%          2
 Dazzling Flash           Conj/Hex       100%       N/A       1%          3
 Fugue of the Fallen      Necr           85%        N/A       1%          3
 Gell's Gravitas          Tloc           69%        N/A       1%          3
 Hailstorm                Conj/Ice       100%       3d16      1%          3
 Inner Flame              Hex/Fire       94%        N/A       1%          3
 Mephitic Cloud           Conj/Alch/Air  100%       N/A       1%          3
 Stone Arrow              Conj/Erth      100%       3d13      1%          3
 Summon Ice Beast         Ice/Summ       100%       N/A       1%          3
 Teleport Other           Tloc           69%        N/A       1%          3
 Volatile Blastmotes      Fire/Tloc      100%       2d18      1%          3
 Animate Dead             Necr           85%        N/A       1%          4
 Brom's Barrelling Bould  Conj/Erth      100%       2d11      1%          4
 Dispel Undead            Necr           85%        3d27      1%          4
 Flame Wave               Conj/Fire      100%       2d21      1%          4
 Fulminant Prism          Conj/Alch      42%        3d19      1%          4
 Leda's Liquefaction      Alch/Erth      55%        N/A       1%          4
 Petrify                  Alch/Erth      100%       N/A       1%          4
 Sticky Flame             Fire/Alch      100%       2d15      1%          4
 Summon Lightning Spire   Summ/Air       100%       N/A       1%          4
 Vhi's Electric Charge    Tloc/Air       100%       N/A       1%          4
 Alistair's Intoxication  Alch           61%        N/A       1%          5
 Arcjolt                  Conj/Air       57%        1d67      1%          5
 Borgnjor's Vile Clutch   Necr/Erth      53%        N/A       1%          5
 Curse of Agony           Necr           85%        N/A       1%          5
 Fireball                 Conj/Fire      55%        3d21      1%          5
 Sculpt Simulacrum        Ice/Alch       61%        N/A       1%          6
 Summon Small Mammal      Summ           100%       N/A       2%          1
 Passage of Golubria      Tloc           69%        N/A       2%          4
 Metabolic Englaciation   Hex/Ice        50%        N/A       2%          5
 Silence                  Hex/Air        50%        N/A       2%          5
 Conjure Ball Lightning   Conj/Air       57%        3x3d21    2%          6
 Anguish                  Hex/Necr       32%        N/A       3%          4
 Animate Armour           Summ/Erth      100%       N/A       3%          4
 Iskenderun's Battlesphe  Conj           77%        2d13      3%          5
 Eringya's Noxious Bog    Alch           46%        4d6       3%          6
 Call Imp                 Summ           68%        N/A       4%          2
 Jinxbite                 Hex            68%        N/A       4%          2
 Starburst                Conj/Fire      55%        6d15      4%          6
 Yara's Violent Unravell  Hex/Alch       35%        3d14      6%          5
 Death Channel            Necr           42%        N/A       7%          6
 Call Canine Familiar     Summ           34%        N/A       8%          3
 Confusing Touch          Hex            34%        N/A       8%          3
 Tukima's Dance           Hex            34%        N/A       8%          3
 Dimensional Bullseye     Hex/Tloc       27%        N/A       8%          4
 Bombard                  Conj/Erth      50%        9d8       12%         6
 Cause Fear               Hex            17%        N/A       26%         4
 Summon Cactus Giant      Summ           17%        N/A       99%         6
 Ignition                 Fire           61%        3d16      45%         8
 Orb of Destruction       Conj           38%        9d11      67%         7
 Polar Vortex             Ice            65%        12d8*     94%         9
 Haunt                    Necr/Summ      32%        N/A       96%         7
 Borgnjor's Revivificati  Necr           42%        N/A       96%         8
 Infestation              Necr           42%        N/A       96%         8
 Spellforged Servitor     Conj/Summ      29%        N/A       99%         7
 Lehudib's Crystal Spear  Conj/Erth      50%        10d12     99%         8
 Summon Hydra             Summ           17%        N/A       100%        7
 Discord                  Hex            17%        N/A       100%        8
 Death's Door             Necr           42%        N/A       100%        9
 Dragon's Call            Summ           17%        N/A       100%        9
 Fire Storm               Conj/Fire      55%        8d14      100%        9
 Shatter                  Erth           52%        3d40*     100%        9


Dungeon Overview and Level Annotations

Branches:
Dungeon (15/15)            Temple (1/1) D:4            Lair (5/5) D:11
 Shoals (4/4) Lair:3       Spider (4/4) Lair:2        Slime (0/5) Lair:5
    Orc (2/2) D:10            Elf (3/3) Orc:2        Vaults (5/5) D:14
  Crypt (3/3) Vaults:2       Tomb (0/3) Crypt:3      Depths (4/4) D:15
    Zot (5/5) Depths:4    Ossuary (visited)          Bailey (visited)
  IceCv (visited)         Desolation (visited)

Altars:
Ashenzari
Cheibriados
Dithmenos
Elyvilon
Fedhas
Gozag
Hepliaklqana
Kikubaaqudgha
Makhleb
Nemelex Xobeh
Okawaru
Qazlal
Ru
Sif Muna
Trog
Uskayaw
Vehumet
Wu Jian
Xom
Yredelemnul
Zin
The Shining One
Lugonu

Shops:
D:1 [   D:9 *   Orc:2 *[*:   Shoals:1 (   Vaults:1 (   Vaults:2 =
Vaults:5 !!??   Depths:1 :=:

Portals:
Hell: Depths:1 Depths:2 Depths:3 Depths:4
Abyss: Lair:5 Depths:1 Depths:3 Depths:4
Pandemonium: Orc:2 Depths:2 Depths:3 Depths:4
Ziggurat: Depths:3


Innate Abilities, Weirdness & Mutations

((You are very nimble when in or above water. (Stealth+, EV+, Speed+++)))
Your lower body shifts to a powerful aquatic tail in water.
Your magical capacity is low. (-10% MP)
You are somewhat resistant to further mutation.


Message History

Confirm with . or Enter, or press ? or * to list all spells.
You feel a surge of power!
The heat is drained from your surroundings.
The Orb Guardian is moderately wounded.
The Orb Guardian hits you!!
Casting: Ozocubu's Refrigeration (dangerous; 3% risk of failure)
Confirm with . or Enter, or press ? or * to list all spells.
You feel a surge of power!
You miscast Ozocubu's Refrigeration.
You are very lightly contaminated with residual magic.
Heat is drained from your body. You resist. The Orb Guardian barely misses you.
Casting: Ozocubu's Refrigeration (dangerous; 3% risk of failure)
Confirm with . or Enter, or press ? or * to list all spells.
You erupt in a fountain of uncontrolled magic!
The Orb Guardian is blasted with magical radiation!!!
The Orb Guardian is almost dead.
The Orb Guardian twists and deforms.
You are lightly contaminated with residual magic.
The Orb Guardian hits you.
Casting: Irradiate (mildly dangerous; 1% risk of failure)
Confirm with . or Enter, or press ? or * to list all spells.
You erupt in a fountain of uncontrolled magic!
The Orb Guardian is blasted with magical radiation!!!
You kill the Orb Guardian!
Fedhas accepts your kill.
You are contaminated with residual magic.
You feel as though your hastened speed will last longer.
You start putting on your amulet.
You continue putting on your amulet of faith. x5
You finish putting on your amulet of faith.
You feel a surge of divine interest.
P - an amulet of faith (around neck)
You feel less contaminated with magical energies.
You start removing your amulet.
You continue taking off your amulet of faith. x4
You finish taking off your amulet of faith.
Fedhas seems less interested in you.
You feel less pious.
You can no longer encircle yourself with summoned briar patches.
You start putting on your amulet.
You continue putting on the amulet "Weiploppa" {Spirit rElec Int+7 Dex-2}.
HP restored.
You continue putting on the amulet "Weiploppa" {Spirit rElec Int+7 Dex-2}. x4
You finish putting on the amulet "Weiploppa" {Spirit rElec Int+7 Dex-2}.
You feel your power drawn to a protective spirit.
You feel clever.
You feel clumsy.
Z - the amulet "Weiploppa" (around neck) {Spirit rElec Int+7 Dex-2} The profane servitor barely misses you.
The profane servitor hits you but does no damage.
You have escaped!

.#................## #.##### #
.#.......#######...# #.# #
.#.......##...##...######.# #
......#..'^'##.#..........# #
##.####..#.#⌠#.#..#.#############
##.###...#.###.#..#.######.....##
#........##...##..#.#....#......[
#.....#..#######...............##
#.....#.........@..##..........#.
#.....#..........A.##.....###.##.
#.....##.....###...##.....###....
#.....##.....# ######............
##...........# #....########
######......# ##....#####
#####........# #.........#
.............# #.........####
.#######.....#######.........#...


You could see a profane servitor.

Vanquished Creatures
  2 ancient liches
  Frederick (Vaults:3)
  An orb of fire (Zot:1)
  2 juggernauts (Depths:3)
  Sojobo (Vaults:3)
  Boris (thrice) (Vaults:1 Vaults:4 Depths:1)
  Bai Suzhen (Crypt:1)
  A caustic shrike (shapeshifter) (Depths:2)
  A curse toe (Zot:3)
  Nikola (Elf:1)
  the Enchantress (Depths:1)
  7 golden dragons
  A caustic shrike (Depths:3)
  A profane servitor (Crypt:3)
  A bone dragon (Crypt:3)
  Jorgrun (Elf:1)
  Mlioglotl (Shoals:3)
  A walking crystal tome (Depths:2)
  6 liches
  Rupert (D:14)
  11 tentacled monstrosities
  Asterion (Vaults:2)
  2 deep elf blademasters (Elf:3)
  2 sphinxes
  A kraken (Shoals:1)
  10 Orb Guardians
  A quicksilver dragon (Zot:3)
  2 deep elf master archers (Elf:3)
  5 titans
  2 death cobs (Zot:4)
  5 ancient champions
  8 tengu reavers
  Agnes (Elf:1)
  8 shadow dragons
  10 storm dragons
  Donald (Vaults:2)
  A protean progenitor (Zot:3)
  3 draconian knights
  3 revenants
  A draconian shifter (Zot:3)
  12 fire giants
  2 draconian monks
  3 emperor scorpions (Spider:4)
  3 spectral caustic shrikes (Depths:1)
  3 imperial myrmidons (Desolation)
  14 frost giants
  7 deep elf sorcerers
  2 draconian scorchers
  22 vault wardens
  An iron dragon (Vaults:5)
  6 deep elf elementalists
  22 ironbound preservers
  3 balrugs
  2 curse skulls
  An orc warlord (Bailey)
  6 ghost moths
  2 angels (Elf:2)
  3 draconian annihilators
  3 spriggan defenders (Depths:1)
  17 very ugly things
  9 stone giants
  5 ghouls
  8 ironbound thunderhulks
  2 formless jellyfish
  A very ugly thing (shapeshifter) (Depths:2)
  Nessos (D:14)
  2 green draconians
  A broodmother (Spider:4)
  4 vampire knights
  9 deep elf annihilators
  The ghost of Seic the Grappler, a journeyman DrSh of Yredelemnul (Lair:3)
  6 red draconians
  10 deep elf demonologists
  6 deep elf death magi
  A yellow draconian (Zot:5)
  A halazid warlock (Desolation)
  3 black draconians
  2 white draconians
  Azrael (Orc:2)
  2 purple draconians
  17 dire elephants
  7 spark wasps
  5 war gargoyles
  3 eidola (Crypt:2)
  5 merfolk javelineers (Shoals:4)
  5 fire dragons
  5 merfolk impalers
  11 ettins
  Josephine (Lair:5)
  3 ragged hierophants (Desolation)
  5 crystal guardians
  3 deep elf high priests (Elf:3)
  5 entropy weavers
  A rakshasa (Depths:1)
  20 jiangshi
  8 yaktaur captains
  A hell beast (Depths:3)
  The ghost of kuniqs the Fighter, a novice OnSh of Wu Jian (D:10)
  11 servants of whispers (Desolation)
  4 great orbs of eyes
  A quicksilver ooze (shapeshifter) (Depths:2)
  29 vault guards
  2 hydras
  A hydra (shapeshifter) (Depths:2)
  9 ice dragons
  3 salamander tyrants (Depths:2)
  A juggernaut simulacrum (Depths:2)
  A jorogumo (Spider:4)
  3 demonspawn (Orc:2)
  9 ironbound frosthearts
  3 radroaches
  A merfolk aquamancer (Shoals:4)
  A catoblepas (Lair:4)
  A boulder beetle (shapeshifter) (Depths:2)
  A fenstrider witch skeleton (Crypt:2)
  6 death knights
  8 boulder beetles
  2 merfolk avatars
  7 spriggan air magi
  9 peacekeepers
  32 dancing weapons
  15 centaur warriors
  2 ogre magi
  3 satyrs
  5 two-headed ogres
  3 alligator snapping turtles
  5 deep troll shamans
  A bennu skeleton (Crypt:1)
  4 tengu warriors
  3 hell hogs (Zot:3)
  7 orc high priests (Orc:2)
  11 death yaks
  9 vampire magi
  13 hell knights
  2 thrashing horrors (Lair:5)
  5 deep troll earth magi
  An occultist (Depths:2)
  18 deep elf knights
  2 demonic crawlers
  8 sun demons
  A soul eater (Crypt:1)
  6 shadow wraiths
  Amaemon (Lair:2)
  A spectral minotaur (Crypt:3)
  3 skysharks
  4 iron trolls
  40 skeletal warriors
  A bunyip zombie (Crypt:2)
  A skyshark (shapeshifter) (D:15)
  4 sixfirhies
  9 sea snakes
  9 arcanists
  7 pharaoh ants
  2 swamp dragons (shapeshifter)
  A goliath frog (shapeshifter) (Depths:2)
  2 glowing orange brains
  9 flayed ghosts
  3 sun moths
  7 orb spiders
  40 deep trolls
  A sea snake (shapeshifter) (Vaults:5)
  An obsidian statue (D:15)
  2 shadow demons
  2 anaconda zombies (Crypt:2)
  A lindwurm (shapeshifter) (D:15)
  3 steelbarb worms
  3 lindwurms
  7 orc knights
  8 necromancers
  9 phantasmal warriors
  Pikel (D:9)
  A harpy (shapeshifter) (Lair:5)
  2 bog bodies (Crypt:2)
  34 deep elf pyromancers
  11 deep elf archers
  32 deep elf zephyrmancers
  27 harpies
  20 ironbound convokers
  25 wolf spiders
  A glowing shapeshifter (Vaults:5)
  7 orc sorcerers
  A fire giant zombie (Crypt:2)
  34 ugly things
  4 fauns (Shoals:2)
  5 large abominations
  12 manticores
  A wolf spider (shapeshifter) (Depths:2)
  8 meliai
  A jorogumo skeleton (Crypt:2)
  An ice statue (IceCv)
  A salamander (shapeshifter) (Vaults:5)
  7 cyclopes
  12 moths of wrath
  7 elephants
  A spectral centaur (Crypt:3)
  A goliath frog skeleton (Crypt:2)
  5 kobold blastminers (Orc:2)
  3 merfolk sirens
  A water nymph (shapeshifter) (D:15)
  31 vault sentinels
  2 gargoyles
  A meliai (shapeshifter) (D:15)
  5 water nymphs
  An eye of devastation (shapeshifter) (Vaults:5)
  A black mamba (Lair:2)
  10 cane toads
  3 torpor snails
  4 unseen horrors (D:15)
  An alligator snapping turtle zombie (Crypt:3)
  Maggie (D:6)
  2 smoke demons
  33 yaktaurs
  A swamp worm zombie (Crypt:2)
  3 kobold demonologists (D:11)
  11 rime drakes
  An orange demon (Lair:2)
  10 komodo dragons
  10 freezing wraiths
  A naga skeleton (Crypt:2)
  An ice devil (D:13)
  A red devil (Zot:5)
  4 tengu conjurers
  A harpy zombie (Crypt:2)
  19 merfolk
  2 wind drakes
  A white draconian skeleton (Crypt:2)
  18 tarantellas
  A tyrant leech (shapeshifter) (Depths:2)
  A merfolk (shapeshifter) (Depths:1)
  10 polar bears
  11 trolls
  A polar bear (shapeshifter) (D:15)
  2 tarantellas (shapeshifter)
  54 saltlings (Desolation)
  21 blink frogs
  3 ettin zombies
  A glass eye (Depths:4)
  6 dream sheep (Lair:5)
  A glass eye (shapeshifter) (D:15)
  7 snapping turtles
  34 slime creatures
  2 raiju (Lair:5)
  A snapping turtle (shapeshifter) (D:15)
  5 shadows
  39 jumping spiders
  2 centaur simulacra (D:12)
  A black mamba zombie (Crypt:1)
  19 culicivoras
  A spriggan (shapeshifter) (D:15)
  4 air elementals
  A guardian serpent skeleton (Crypt:2)
  4 spriggans
  13 water elementals
  5 wyverns
  3 ynoxinuls
  An ettin skeleton (Vaults:2)
  A vampire (D:9)
  14 wraiths
  A human (shapeshifter) (Depths:2)
  86 yaks
  13 basilisks
  6 fire elementals
  2 wargs (Orc:2)
  A warg (shapeshifter) (D:15)
  A black mamba skeleton (Crypt:2)
  47 redbacks
  A neqoxec (Orc:2)
  Grum (D:9)
  14 vampire mosquitoes
  3 chaos spawn
  3 human zombies
  3 swamp worms (Lair:2)
  A glowing shapeshifter zombie (Vaults:2)
  A hydra simulacrum (Lair:3)
  5 hell hounds (Orc:2)
  A glowing shapeshifter skeleton (Vaults:2)
  13 water moccasins
  32 orc warriors
  A deep troll skeleton (Crypt:1)
  A meliai simulacrum (D:12)
  A sky beast (D:7)
  A swamp worm (shapeshifter) (Depths:3)
  2 ice beasts (Vaults:1)
  4 black bears
  22 laughing skulls
  A black bear (shapeshifter) (D:15)
  14 small abominations
  2 black mamba simulacra (Lair:3)
  A torpor snail zombie (Crypt:1)
  2 ogres
  3 boggarts
  13 wolves
  3 lemures (D:9)
  2 elf simulacra (Vaults:2)
  20 centaurs
  A phantom (D:6)
  4 weeping skulls
  Blork the orc (D:4)
  8 kobold brigands
  11 bullfrogs
  A human simulacrum (Vaults:1)
  5 necrophages
  An earth elemental (Elf:2)
  A gnoll sergeant (D:5)
  8 scorpions
  A human skeleton (Vaults:4)
  A cane toad simulacrum (Lair:3)
  4 burial acolytes (Crypt:3)
  9 wights
  10 killer bees
  A lindwurm simulacrum (Lair:3)
  9 howler monkeys
  11 electric eels
  3 jellies
  3 centaur zombies
  4 spectral scorpions (Ossuary)
  4 centaur skeletons
  31 orc priests
  3 bombardier beetles
  A hound (D:5)
  A komodo dragon simulacrum (Lair:3)
  A gnoll bouda (D:8)
  Crazy Yiuf (D:4)
  Ijyb (D:4)
  A sleepcap (D:3)
  4 iguanas
  20 orc wizards
  A killer bee zombie (D:8)
  An ogre zombie (D:8)
  A sky beast zombie (Crypt:1)
  2 ogre skeletons (Ossuary)
  9 mummies
  10 gnolls
  6 adders
  A swamp drake skeleton (Crypt:1)
  2 white imps
  4 ufetubi
  A jelly zombie (Crypt:2)
  5 dart slugs
  4 ribbon worms
  70 orcs
  7 endoplasms
  3 giant cockroaches
  13 hobgoblins
  11 jackals
  31 kobolds
  4 quokkas
  19 ball pythons
  14 bats
  An endoplasm zombie (Crypt:1)
  4 frilled lizards
  3 gnoll skeletons (Ossuary)
  13 goblins
  An orc skeleton (Crypt:1)
  33 rats
  A river rat skeleton (Crypt:1)
  10 spectral rats (Ossuary)
2370 creatures vanquished.

Vanquished Creatures (collateral kills)
  An Orb Guardian (Zot:3)
  A ragged hierophant (Desolation)
  A demonic crawler (Zot:3)
  A rime drake (Lair:3)
  A saltling (Desolation)
  7 ballistomycete spores (Orc:2)
12 creatures vanquished.

Vanquished Creatures (others)
  A ghost moth (Zot:3)
  A sleepcap (D:6)
  An adder (D:6)
  A ballistomycete spore (Orc:2)
  4 tentacles (Shoals:1)
8 creatures vanquished.

Grand Total: 2390 creatures vanquished

Notes
Turn   | Place    | Note
-------+----------+-------------------------------------------
     0 | D:1      | Ge0ff the Merfolk Alchemist began the quest for the Orb.
     0 | D:1      | Reached XP level 1. HP: 13/13 MP: 3/3
    87 | D:1      | Reached skill level 1 in Conjurations
   224 | D:1      | Reached XP level 2. HP: 19/19 MP: 0/5
   297 | D:1      | Learned a level 2 spell: Mercury Vapours
   493 | D:1      | Found Etzaasel's Armour Emporium.
   850 | D:1      | Reached XP level 3. HP: 24/24 MP: 4/6
  1270 | D:2      | Noticed a scorpion
  1310 | D:2      | Learned a level 3 spell: Mephitic Cloud
  1382 | D:2      | Reached skill level 1 in Air Magic
  1747 | D:2      | Reached XP level 4. HP: 16/30 MP: 1/7
  2264 | D:2      | Found a basalt altar of Yredelemnul.
  2643 | D:3      | Found an ancient bone altar of Kikubaaqudgha.
  3509 | D:3      | Reached XP level 5. HP: 15/35 MP: 3/9
  3601 | D:4      | Found a hide-covered altar of Uskayaw.
  3618 | D:3      | Reached skill level 5 in Alchemy
  3853 | D:4      | Found a staircase to the Ecumenical Temple.
  3877 | Temple   | Entered the Ecumenical Temple
  3916 | Temple   | Became a worshipper of Fedhas Madash
  4075 | D:4      | Reached * piety under Fedhas
  4205 | D:4      | Learned a level 4 spell: Olgreb's Toxic Radiance
  4210 | D:4      | Reached XP level 6. HP: 41/41 MP: 5/10
  4453 | D:4      | Found a runed translucent door.
  4454 | D:4      | Noticed Crazy Yiuf
  4462 | D:4      | Killed Crazy Yiuf
  4607 | D:4      | Noticed Blork the orc
  4618 | D:4      | Killed Blork the orc
  4866 | D:4      | Reached XP level 7. HP: 46/46 MP: 12/12
  4868 | D:4      | Reached ** piety under Fedhas
  4939 | D:4      | Noticed Ijyb
  4962 | D:4      | Killed Ijyb
  5453 | D:5      | Entered Level 5 of the Dungeon
  5603 | D:5      | Reached skill level 1 in Evocations
  5720 | D:5      | Identified the +7 chain mail "Pymoc" {rC+ Str+3}
  5930 | D:5      | Found a runed translucent door.
  5931 | D:5      | Found an iron altar of Okawaru.
  5936 | D:5      | Found the +0 toga "Victory" {*Victory Clar}
  6158 | D:5      | Reached skill level 1 in Fighting
  6158 | D:5      | Reached skill level 1 in Throwing
  6160 | D:5      | Reached XP level 8. HP: 45/54 MP: 14/14
  6964 | D:5      | Found a glowing silver altar of Zin.
  6964 | D:5      | Found a glowing golden altar of the Shining One.
  6964 | D:5      | Found a white marble altar of Elyvilon.
  7122 | D:6      | Reached *** piety under Fedhas
  7156 | D:6      | Found a sand-covered staircase.
  7163 | Ossuary  | Entered an ossuary
  7258 | Ossuary  | Reached skill level 1 in Invocations
  7370 | Ossuary  | Reached skill level 10 in Alchemy
  7370 | Ossuary  | Reached XP level 9. HP: 59/61 MP: 15/15
  7531 | Ossuary  | Learned a level 4 spell: Ignite Poison
  7581 | Ossuary  | Reached skill level 1 in Fire Magic
  7728 | D:6      | Found an ornate altar of the Wu Jian Council.
  7841 | D:6      | Reached **** piety under Fedhas
  8013 | D:6      | Noticed Maggie
  8031 | D:6      | Killed Maggie
  8032 | D:6      | Reached skill level 5 in Fire Magic
  8520 | D:7      | Reached XP level 10. HP: 61/69 MP: 12/16
  8624 | D:7      | Found a bloodstained altar of Trog.
  8822 | D:7      | Found a hazy altar of Hepliaklqana.
  9402 | D:7      | Found a basalt altar of Yredelemnul.
  9445 | D:7      | Found an opulent altar of Gozag.
  9449 | D:7      | Found a broken altar of Ashenzari.
 10412 | D:8      | Reached ***** piety under Fedhas
 10668 | D:8      | Reached skill level 5 in Spellcasting
 10883 | D:8      | Learned a level 5 spell: Freezing Cloud
 11299 | D:8      | Reached skill level 1 in Ice Magic
 11625 | D:9      | Noticed Pikel
 11625 | D:9      | Found Kinluuq's General Store.
 11628 | D:9      | Killed Pikel
 11999 | D:9      | Identified a scroll of acquirement
 12000 | D:9      | Acquired the ring of Etadyhoa {rC+ Will++ Int+3}
 12197 | D:9      | Noticed Grum
 12214 | D:9      | Killed Grum
 12215 | D:9      | Reached XP level 11. HP: 61/75 MP: 4/18
 12676 | D:9      | Reached skill level 5 in Ice Magic
 13050 | D:10     | Entered Level 10 of the Dungeon
 13155 | D:10     | Found a flagged portal.
 13161 | Bailey   | Entered a bailey
 13166 | Bailey   | Noticed an orc warlord
 13407 | Bailey   | Found a runed translucent gate.
 13423 | Bailey   | Found a runed translucent gate.
 13424 | Bailey   | Found a runed translucent gate.
 13430 | Bailey   | Noticed an orc knight
 13437 | Bailey   | Killed an orc knight
 13755 | Bailey   | Killed an orc warlord
 13857 | Bailey   | Identified the granite talisman "Earthly Heaven" {rC- Str-2
                  | SInv Stlth+}
 13870 | Bailey   | Reached XP level 12. HP: 97/97 MP: 19/19
 13965 | D:10     | Found a runed translucent door.
 14140 | D:10     | Found a staircase to the Orcish Mines.
 14401 | D:10     | Reached skill level 10 in Fighting
 14597 | D:10     | Noticed kuniqs's ghost (novice OnSh)
 14601 | D:10     | Identified the +2 spear of Instinct {flame, rCorr}
 15399 | D:11     | Noticed a two-headed ogre
 15405 | D:11     | Killed a two-headed ogre
 15707 | D:11     | Found a staircase to the Lair.
 15741 | D:11     | Noticed a two-headed ogre
 15752 | D:11     | Killed a two-headed ogre
 15753 | D:11     | Reached XP level 13. HP: 103/103 MP: 18/20
 15936 | D:11     | Reached skill level 5 in Conjurations
 15936 | D:11     | Reached skill level 5 in Air Magic
 15936 | D:11     | Reached skill level 5 in Invocations
 15938 | D:11     | Reached ****** piety under Fedhas
 16252 | Orc:1    | Entered Level 1 of the Orcish Mines
 16430 | Orc:2    | Entered Level 2 of the Orcish Mines
 16717 | Orc:2    | Found a staircase to the Elven Halls.
 17289 | Orc:2    | Found Siec's General Store.
 17402 | Orc:2    | Reached skill level 10 in Ice Magic
 17812 | Orc:2    | Noticed Azrael
 17821 | Orc:2    | Killed Azrael
 18105 | Orc:2    | Found Velierunoi's Magic Scroll Shop.
 18449 | Orc:2    | Found Dakhlian's General Store.
 18579 | Orc:2    | Bought a scroll of identify for 26 gold pieces
 18579 | Orc:2    | Bought a scroll of summoning for 123 gold pieces
 18965 | Orc:2    | Bought a potion of curing for 42 gold pieces
 18967 | Orc:2    | Bought a scroll of revelation for 105 gold pieces
 18969 | Orc:2    | niceeeeeeeee
 18969 | Orc:2    | Bought the +3 Elemental Staff {ele, rElec rF+ rC+ AC+3} for
                  | 799 gold pieces
 18969 | Orc:2    | Found the +3 Elemental Staff {ele, rElec rF+ rC+ AC+3}
 18969 | Orc:2    | Bought a scroll of identify for 28 gold pieces
 19170 | Orc:2    | Gained mutation: You occasionally lose the ability to read
                  | scrolls when taking damage. [a neqoxec]
 19653 | Orc:2    | Reached XP level 14. HP: 110/110 MP: 15/22
 20036 | Orc:2    | Found Qyik's Book Emporium.
 20036 | Orc:2    | Found Exohogg's Antique Armour Shoppe.
 20037 | Orc:2    | Found a one-way gate leading to the halls of Pandemonium.
 20041 | Orc:2    | Bought a buckler for 126 gold pieces
 20157 | Lair:1   | Entered Level 1 of the Lair of Beasts
 20388 | Lair:1   | Reached skill level 1 in Shields
 20413 | Lair:1   | Reached skill level 5 in Evocations
 20414 | Lair:1   | Reached skill level 1 in Staves
 22243 | Lair:2   | Found a hole to the Spider Nest.
 22841 | Lair:2   | Noticed Amaemon
 22851 | Lair:2   | Killed Amaemon
 23011 | Lair:3   | Reached skill level 5 in Shields
 23201 | Lair:3   | Reached skill level 5 in Staves
 23325 | Lair:3   | Found a runed translucent gate.
 23325 | Lair:3   | Found a runed translucent gate.
 23326 | Lair:3   | Found a runed translucent gate.
 23356 | Lair:3   | Noticed Seic's ghost (journeyman DrSh)
 23642 | Lair:3   | Found a staircase to the Shoals.
 23747 | Lair:3   | Learned a level 6 spell: Plasma Beam
 24123 | Lair:4   | Reached XP level 15. HP: 115/115 MP: 25/25
 24241 | Lair:4   | Found an ancient bone altar of Kikubaaqudgha.
 24792 | Lair:5   | Entered Level 5 of the Lair of Beasts
 24792 | Lair:5   | Found a staircase to the Slime Pits.
 25105 | Lair:5   | Noticed Josephine
 25113 | Lair:5   | Killed Josephine
 26092 | Lair:5   | Identified the +2 long sword of the Hated {venom, rF+}
 26133 | Lair:5   | Identified the staff "Heclupik" {rC+ rN+ Ice}
 26587 | Lair:5   | Found a corrupted altar of Lugonu.
 26587 | Lair:5   | Found a one-way gate to the infinite horrors of the Abyss.
 26937 | D:12     | Found a frozen archway.
 27029 | IceCv    | Entered an ice cave
 27601 | IceCv    | Noticed a frost giant
 27614 | IceCv    | Reached XP level 16. HP: 83/122 MP: 20/28
 29335 | D:13     | Noticed Rupert
 29341 | D:13     | Learned a level 5 spell: Irradiate
 29406 | D:13     | Reached skill level 10 in Air Magic
 29871 | D:13     | Found Itimal's Distillery.
 29879 | D:13     | Bought a potion of enlightenment for 65 gold pieces
 29879 | D:13     | Bought a potion of heal wounds for 65 gold pieces
 29879 | D:13     | Bought a potion of mutation for 104 gold pieces
 30635 | D:14     | Noticed Nessos
 31145 | D:14     | Killed Rupert
 31302 | D:14     | Reached skill level 10 in Fire Magic
 31524 | D:14     | Found a shadowy altar of Dithmenos.
 31586 | D:14     | Killed Nessos
 32028 | D:14     | Found a gate to the Vaults.
 32218 | D:14     | Found a bloodstained altar of Trog.
 32379 | D:15     | Entered Level 15 of the Dungeon
 32458 | D:15     | Identified the +3 ring mail of Summer {rF+ Regen+ Int+3
                  | Dex+2}
 32976 | D:15     | Identified the amulet "Weiploppa" {Spirit rElec Int+7
                  | Dex-2}
 33570 | D:15     | Noticed a storm dragon
 33571 | D:15     | Reached XP level 17. HP: 128/128 MP: 24/30
 33906 | D:15     | Identified the ring "Rutiwk" {rElec rPois Will+ Dex-4
                  | Slay+5}
 33948 | D:15     | Reached skill level 10 in Spellcasting
 34244 | D:15     | Found a staircase to the Depths.
 34253 | D:15     | Identified the ring of Itatod {*Corrode MP+9 Dex+4}
 34413 | D:15     | Learned a level 4 spell: Iskenderun's Mystic Blast
 34858 | D:10     | Killed kuniqs's ghost
 35110 | Lair:3   | Killed Seic's ghost
 35263 | Lair:3   | Identified the +5 falchion "Beetlebane" {spect, rN+}
 35337 | Lair:3   | Identified the +6 ring mail of the Morning {rC+ rN+++ rCorr
                  | Str-2 SInv}
 35411 | Shoals:1 | Entered Level 1 of the Shoals
 35512 | Shoals:1 | Found Teuwk's Weapon Shop.
 35771 | Shoals:1 | Noticed a kraken
 35789 | Shoals:1 | Killed a kraken
 37389 | Shoals:2 | Reached skill level 5 in Dodging
 38114 | Shoals:3 | Noticed Mlioglotl
 38141 | Shoals:3 | Killed Mlioglotl
 38386 | Shoals:3 | Reached skill level 1 in Translocations
 39122 | Shoals:4 | Entered Level 4 of the Shoals
 40553 | Shoals:4 | Reached XP level 18. HP: 134/134 MP: 14/32
 41415 | Shoals:4 | Got Qexyont's Atlas of Flammable Left-Handed Deeds
 41848 | Shoals:4 | Got a barnacled rune of Zot
 41979 | Shoals:4 | Identified the +5 hand axe of Generosity {heavy, Str+6}
 42323 | Shoals:4 | Identified the +9 orcbow of Japla {freeze, rElec rN++
                  | Int+5}
 43112 | Spider:1 | Entered Level 1 of the Spider Nest
 43549 | Spider:1 | Reached skill level 1 in Armour
 44933 | Spider:1 | Identified the ring "Jomeuh" {Fire rElec}
 45081 | Spider:1 | Learned a level 2 spell: Sublimation of Blood
 45368 | Spider:1 | Reached skill level 1 in Necromancy
 46274 | Spider:2 | Upgraded the game from 0.31-a0-1612-g4aaf141004 to
                  | 0.31-a0-1616-gbeaec30b81
 48541 | Spider:3 | Reached skill level 5 in Armour
 48793 | Spider:3 | Reached skill level 5 in Necromancy
 49271 | Spider:3 | Identified the +5 long sword of Emaufrol {flame, rC- Int+2
                  | Dex+3}
 49434 | Spider:4 | Entered Level 4 of the Spider Nest
 51255 | Spider:4 | Reached XP level 19. HP: 142/142 MP: 31/34
 52920 | Spider:4 | Got a gossamer rune of Zot
 52921 | Spider:4 | Identified the scarf of Osiatteg {rC+ rF+, Regen+}
 53254 | Elf:1    | Entered Level 1 of the Elven Halls
 53672 | Elf:1    | Noticed Agnes
 53677 | Elf:1    | Killed Agnes
 53699 | Elf:1    | Noticed Jorgrun
 53700 | Elf:1    | Killed Jorgrun
 54078 | Elf:1    | Noticed Nikola
 54085 | Elf:1    | Killed Nikola
 54871 | Elf:1    | Identified the +6 falchion "Conservator" {venom, Str+2}
 55798 | Elf:1    | Learned a level 7 spell: Ozocubu's Refrigeration
 56065 | Elf:2    | Found a flickering gateway to a bazaar.
 56069 | Bazaar   | Entered a bazaar
 56069 | Bazaar   | Found Muwiuddu's Jewellery Boutique.
 56076 | Bazaar   | Found Gogui's General Store.
 56084 | Bazaar   | Bought 2 potions of heal wounds for 60 gold pieces
 56093 | Bazaar   | Found Xonnubui's Antique Weapon Boutique.
 56104 | Bazaar   | Found Loatha's Antique Armour Emporium.
 56112 | Bazaar   | Bought an encrusted hat for 225 gold pieces
 56112 | Bazaar   | Identified the +2 hat "Jiufoa" {rC+ Will+ Dex+3} (You
                  | bought it in a shop in a bazaar)
 56126 | Bazaar   | Found Nello's Distillery.
 56136 | Bazaar   | Bought a potion of heal wounds for 90 gold pieces
 56136 | Bazaar   | Bought a potion of heal wounds for 90 gold pieces
 56136 | Bazaar   | Bought 2 potions of heal wounds for 180 gold pieces
 56136 | Bazaar   | Bought a potion of haste for 180 gold pieces
 56136 | Bazaar   | Bought a potion of curing for 54 gold pieces
 56161 | Elf:2    | Found a white marble altar of Elyvilon.
 56199 | Elf:2    | Found a crumbling gateway.
 56201 | Elf:2    | Found a glowing golden altar of the Shining One.
 56201 | Elf:2    | Found a glowing silver altar of Zin.
 56214 | Desolati | Entered the Desolation of Salt
 56322 | Desolati | Identified the +12 short sword "Tormentor" {flame, Int+2
                  | Dex+5}
 56860 | Desolati | Identified the amulet "Evaussu" {RegenMP *Corrode rElec
                  | Str-2 Dex+7}
 57109 | Desolati | Reached skill level 15 in Ice Magic
 57309 | Desolati | Reached XP level 20. HP: 146/147 MP: 16/36
 58205 | Desolati | Got the Atlas of Compounds and the Snowflakes
 58211 | Desolati | Identified the +1 cloak of Integrity {rF+ Will+}
 58255 | Desolati | Got Emeol's Elucidation of the Ground
 58262 | Desolati | Learned a level 5 spell: Lee's Rapid Deconstruction
 58262 | Desolati | Identified the scarf of the Dragonfruit {shadows, Str-5
                  | Int+7 SInv}
 58265 | Desolati | Identified the +6 sling of Jetaij {antimagic, Str+2 Int+3}
 58270 | Desolati | Identified the +1 broad axe "Taquur" {venom, rN+}
 58353 | Desolati | Got Anwah's Precepts of Power
 58356 | Desolati | Got Sif Muna's Incunable of Freezing Toxicants
 58359 | Desolati | Got Sif Muna's Secrets of Horrible Bad Luck
 58362 | Desolati | Identified the +1 pair of gloves of Weirdness {^Contam
                  | Will+++ Regen+ Slay+3}
 58413 | Elf:2    | Reached skill level 1 in Earth Magic
 59403 | Elf:2    | Found a runed translucent gate.
 59758 | Elf:2    | Found a runed translucent gate.
 59758 | Elf:2    | Found a runed translucent gate.
 60881 | Elf:3    | Entered Level 3 of the Elven Halls
 61165 | Elf:3    | Got Sif Muna's Papyrus of Calling
 61850 | Elf:3    | Identified the +7 falchion "Haxaocan" {freeze, rN+ rCorr
                  | Int-4 Dex+2}
 62797 | Elf:3    | Identified the +4 short sword of the Girdle {flame, +Blink}
 62909 | Elf:3    | Reached XP level 21. HP: 156/156 MP: 37/37
 62919 | Elf:3    | Identified the +8 spear of Maschitu {protect, ^Drain rF+
                  | Dex+3}
 62926 | Elf:3    | Identified the +1 robe "Xongail" {rElec rN+ Int-4 Dex+4}
 63463 | Elf:3    | Identified the staff of Sudden Death {rC+ rN+ Str+5 Int-2
                  | Dex-3 Ice}
 63787 | Elf:3    | Identified the ring "Ekkasits" {rPois Str-5 Int+7}
 64016 | Elf:3    | Identified the staff "Zoemn" {+Blink rF+ Int-5 SInv Summ
                  | Fire}
 64078 | Elf:3    | Got Fioh's Papyrus of the Oath
 64085 | Elf:3    | Identified the +4 pair of boots of Complete Protection {rN+
                  | Slay+3}
 64105 | Elf:3    | Got the Collected Works on Boreal Lamentation
 64397 | Vaults:1 | Entered Level 1 of the Vaults
 64445 | Vaults:1 | Found Jiegh's Antique Weapon Shoppe.
 64857 | Vaults:1 | Reached skill level 5 in Earth Magic
 65085 | Vaults:1 | Noticed Boris
 65261 | Vaults:1 | Killed Boris
 66593 | Vaults:2 | Noticed Donald
 66597 | Vaults:2 | Killed Donald
 66729 | Vaults:2 | Found a staircase to the Crypt.
 67211 | Vaults:2 | Noticed Asterion
 67213 | Vaults:2 | Killed Asterion
 67882 | Vaults:2 | Reached XP level 22. HP: 167/167 MP: 17/39
 68213 | Vaults:2 | Found Wioddy's Jewellery Shop.
 68931 | Vaults:3 | Noticed Sojobo
 68934 | Vaults:3 | Killed Sojobo
 69565 | Vaults:3 | Identified the ring of Attitude {Fire rElec rN+}
 70043 | Vaults:3 | Identified the +5 dagger of Accidental Termination {holy,
                  | ^Contam rF+ rCorr Int+4}
 70269 | Vaults:3 | Identified the orb of the Abyss {*channel, +Inv rElec rF+
                  | Dex+4}
 70269 | Vaults:3 | Noticed Frederick
 70276 | Vaults:3 | Killed Frederick
 71241 | Vaults:4 | Noticed Boris
 71245 | Vaults:4 | Killed Boris
 71411 | Vaults:4 | Acquired 1038 gold pieces
 72803 | Vaults:4 | Identified the +2 mace of Kismet {freeze, rC+ Dex-4 SInv}
 73014 | Depths:1 | Entered Level 1 of the Depths
 73014 | Depths:1 | Noticed Boris
 73017 | Depths:1 | Reached XP level 23. HP: 176/176 MP: 35/41
 73098 | Depths:1 | Killed Boris
 73103 | Depths:1 | Noticed the Enchantress
 73341 | Crypt:1  | Entered Level 1 of the Crypt
 73487 | Crypt:1  | Identified the +0 robe of Beogh's Generosity {Str+3}
 74200 | Crypt:3  | Entered Level 3 of the Crypt
 74317 | Crypt:3  | Found an ancient bone altar of Kikubaaqudgha.
 74348 | Crypt:3  | Reached skill level 10 in Necromancy
 74430 | Crypt:3  | Reached skill level 10 in Armour
 74656 | Crypt:3  | Found a staircase to the Tomb.
 74665 | Crypt:3  | Got an ivory gem with 477 turns to spare
 74850 | Crypt:3  | Learned a level 8 spell: Maxwell's Capacitive Coupling
 75123 | Crypt:3  | Lost the ivory gem through the power of Zot.
 76644 | Crypt:1  | Reached XP level 24. HP: 187/187 MP: 36/41
 76668 | Crypt:1  | Noticed Bai Suzhen
 76809 | Crypt:1  | Killed Bai Suzhen
 77161 | Crypt:1  | Acquired 736 gold pieces
 77391 | Crypt:1  | Reached skill level 15 in Spellcasting
 77779 | Depths:1 | Reached skill level 15 in Fighting
 77836 | Depths:1 | Killed the Enchantress
 78283 | Depths:1 | Identified the +4 great sword of Hufucin {flame, rN+++
                  | Str+2 Int+4 Stlth-}
 78394 | Depths:1 | Identified the serpent talisman of the Cockatrice {rC+
                  | Str+3}
 78429 | Depths:1 | Found a gateway to Hell.
 78552 | Depths:1 | Found Laeddousche's Jewellery Shop.
 78553 | Depths:1 | Found Enuorr's Book Emporium.
 78553 | Depths:1 | Found Fuucinto's Book Emporium.
 78559 | Depths:1 | Bought a book of Party Tricks for 418 gold pieces
 78561 | Depths:1 | Learned a level 1 spell: Apportation
 78565 | Depths:1 | Learned a level 3 spell: Passwall
 78865 | Depths:1 | Found a shimmering blue altar of Sif Muna.
 79619 | Depths:2 | Noticed an ancient lich
 79778 | Depths:2 | Noticed a caustic shrike
 79784 | Depths:2 | Killed a caustic shrike
 79980 | Depths:2 | Reached skill level 15 in Air Magic
 80335 | Depths:2 | Killed an ancient lich
 80534 | Depths:2 | Got the Textbook on Cooperative Geomancy
 80642 | Depths:2 | Got the Precepts of the Zephyr and Clay
 80645 | Depths:2 | Identified the staff of the Four Demons {Fly rPois rF+ rC+
                  | rCorr Ice}
 80783 | Depths:2 | Reached skill level 5 in Translocations
 81098 | Depths:2 | Identified the +4 dagger of Nemelex Xobeh's Envy {flame,
                  | Str+3}
 82422 | Depths:3 | Reached XP level 25. HP: 194/194 MP: 11/43
 83185 | Depths:3 | Noticed a juggernaut
 83192 | Depths:3 | Killed a juggernaut
 83331 | Depths:3 | Noticed a juggernaut
 83338 | Depths:3 | Killed a juggernaut
 83655 | Depths:3 | Found a one-way gateway to a ziggurat.
 83712 | Depths:3 | Got the Catalogue of Anemomancy
 84027 | Depths:3 | Identified the +0 falchion "Qeipt" {protect, rC+ Dex+3}
 84144 | Depths:4 | Entered Level 4 of the Depths
 84730 | Depths:4 | Found a gate to the Realm of Zot.
 84998 | Depths:4 | Reached skill level 10 in Invocations
 85968 | Vaults:5 | Entered Level 5 of the Vaults
 86566 | Vaults:5 | Noticed an ancient lich
 86569 | Vaults:5 | Killed an ancient lich
 87152 | Vaults:5 | Reached XP level 26. HP: 192/201 MP: 42/44
 87725 | Vaults:5 | Reached skill level 15 in Invocations
 88195 | Vaults:5 | Identified the +0 robe of Ignis's Delight {rElec Will+}
 88558 | Vaults:5 | Found the +7 great mace "Undeadhunter" {deathbane, rN+}
 88769 | Vaults:5 | Found Qimi's Distillery.
 88845 | Vaults:5 | Found Jeuprebeb's Magic Scroll Shop.
 88864 | Vaults:5 | Found Ohiveut's Magic Scroll Shoppe.
 88865 | Vaults:5 | Bought a scroll of revelation for 135 gold pieces
 88865 | Vaults:5 | Bought a scroll of revelation for 135 gold pieces
 88865 | Vaults:5 | Bought a scroll of immolation for 72 gold pieces
 88865 | Vaults:5 | Bought a scroll of immolation for 72 gold pieces
 88872 | Vaults:5 | Bought a scroll of teleportation for 48 gold pieces
 88872 | Vaults:5 | Bought 2 scrolls of poison for 128 gold pieces
 88891 | Vaults:5 | Found Loikhli's Distillery.
 88896 | Vaults:5 | Bought a potion of curing for 57 gold pieces
 88896 | Vaults:5 | Bought a potion of haste for 190 gold pieces
 88896 | Vaults:5 | Bought a potion of resistance for 190 gold pieces
 88896 | Vaults:5 | Bought 2 potions of curing for 114 gold pieces
 88896 | Vaults:5 | Bought 2 potions of invisibility for 304 gold pieces
 88956 | Vaults:5 | Reached XP level 27. HP: 207/207 MP: 44/44
 89215 | Vaults:5 | Identified the +1 great sword of Jiuxzire {venom, rN+ Int+3
                  | Stlth+}
 89347 | Vaults:5 | Identified the +10 sling of Bust {drain, rC+ rN++ Int+4
                  | Dex-5}
 89668 | Vaults:5 | Got a silver rune of Zot
 89827 | Vaults:5 | Bought a potion of haste for 150 gold pieces
 89827 | Vaults:5 | Bought a potion of curing for 45 gold pieces
 89827 | Vaults:5 | Bought a potion of curing for 45 gold pieces
 89827 | Vaults:5 | Bought 2 potions of magic for 240 gold pieces
 89827 | Vaults:5 | Bought a potion of haste for 150 gold pieces
 89827 | Vaults:5 | Bought a potion of ambrosia for 120 gold pieces
 89827 | Vaults:5 | Bought a potion of curing for 45 gold pieces
 89827 | Vaults:5 | Bought a potion of haste for 150 gold pieces
 90059 | Orc:2    | Bought a dazzling ring mail for 252 gold pieces
 90059 | Orc:2    | Identified the +1 ring mail "Haiquc" {Str+2} (You bought it
                  | in a shop on level 2 of the Orcish Mines)
 90116 | Orc:2    | Bought a scroll of revelation for 97 gold pieces
 90116 | Orc:2    | Bought a scroll of teleportation for 39 gold pieces
 90116 | Orc:2    | Bought a scroll of teleportation for 39 gold pieces
 90116 | Orc:2    | Bought a scroll of blinking for 97 gold pieces
 90116 | Orc:2    | Bought a scroll of teleportation for 39 gold pieces
 90116 | Orc:2    | Bought a scroll of teleportation for 39 gold pieces
 90116 | Orc:2    | Bought a scroll of fog for 52 gold pieces
 90116 | Orc:2    | Bought a scroll of vulnerability for 52 gold pieces
 90157 | Orc:2    | Bought a potion of ambrosia for 112 gold pieces
 90157 | Orc:2    | Bought a potion of curing for 42 gold pieces
 90157 | Orc:2    | Bought a scroll of revelation for 105 gold pieces
 90288 | D:13     | Bought a potion of cancellation for 104 gold pieces
 90288 | D:13     | Bought a potion of resistance for 130 gold pieces
 90288 | D:13     | Bought a potion of curing for 39 gold pieces
 90288 | D:13     | Bought a potion of resistance for 130 gold pieces
 90288 | D:13     | Bought a potion of haste for 130 gold pieces
 90385 | D:9      | Bought a wand of mindburst (5) for 77 gold pieces
 90627 | Zot:1    | Entered Level 1 of the Realm of Zot
 90729 | Zot:1    | Noticed an orb of fire
 90734 | Zot:1    | Killed an orb of fire
 91359 | Zot:3    | Identified the maw talisman "Nugiynt" {rF+ rC- Str+3 Int+4}
 91492 | Zot:5    | Entered Level 5 of the Realm of Zot
 91524 | Zot:5    | Noticed an orb of fire
 91524 | Zot:5    | Noticed an orb of fire
 91525 | Zot:5    | Noticed a dread lich
 91527 | Zot:5    | Found the +7 great mace "Firestarter" {flame, immolate,
                  | rFlCloud rF++}
 91530 | Zot:5    | Got the Orb of Zot
 91532 | Zot:5    | Paralysed by a Zot trap for 4 turns
 91536 | Zot:5    | Noticed an orb of fire
 91555 | Zot:5    | Lost mutation: You occasionally lose the ability to read
                  | scrolls when taking damage. [potion of mutation]
 91555 | Zot:5    | Gained mutation: You are weak. (Str -2) [potion of
                  | mutation]
 91555 | Zot:5    | Gained mutation: You are partially covered in iridescent
                  | scales. (AC +2) [potion of mutation]
 91556 | Zot:5    | Lost mutation: You are weak. (Str -2) [potion of mutation]
 91556 | Zot:5    | Lost mutation: You are partially covered in iridescent
                  | scales. (AC +2) [potion of mutation]
 91556 | Zot:5    | Gained mutation: Your muscles are strong. (Str +4, Int/Dex
                  | -1) [potion of mutation]
 91556 | Zot:5    | Gained mutation: You are agile. (Dex +4, Str/Int -1)
                  | [potion of mutation]
 91556 | Zot:5    | Lost mutation: Your muscles are strong. (Str +4, Int/Dex
                  | -1) [potion of mutation]
 91556 | Zot:5    | Gained mutation: You have a somewhat thin skeletal
                  | structure. (Dex +2, Stealth+) [potion of mutation]
 91609 | Zot:5    | Got a prismatic gem with 106 turns to spare
 91796 | Zot:2    | Lost mutation: You are agile. (Dex +4, Str/Int -1)
                  | [mutagenic glow]
 91799 | Zot:2    | Lost mutation: You have a somewhat thin skeletal structure.
                  | (Dex +2, Stealth+) [potion of mutation]
 91799 | Zot:2    | Gained mutation: You are somewhat resistant to further
                  | mutation. [potion of mutation]
 91799 | Zot:2    | Gained mutation: Your magical capacity is low. (-10% MP)
                  | [potion of mutation]
 91895 | Depths:1 | Noticed Ocuvue Ugid the pandemonium lord
 92038 | D:13     | Noticed Fousiasi the pandemonium lord
 92062 | D:11     | Noticed Idwazuuw the pandemonium lord
 92169 | D:6      | Noticed Axki the pandemonium lord
 92323 | D:$      | Escaped with the Orb!

Illustrated notes

..........#.........#
...................##
.................###
...............###
...............# .............###
............#####
............###.##
.........#.###∩.@##
..........###....)##
.........###..#.#..##
........###......)).##
.......###.).#.#.#.).## ###
......###....).)...).)## #.######
.....###.)#.#.....#.#).###....##.
....###.)##)...#)...##).###......
...###).###)).###.).###..###.....


Turn 18969 on Orc:2: niceeeeeeeee

Levels and vault maps discovered:
D:1:      minmay_arrival_stone_box, layout_basic, serial_shops, shop
D:2:      layout_basic, basic_altar, lightli_corner_chamber
D:3:      layout_loops_ring, mainiacjoe_overflow_boulevard, kennysheep_path_1,
          hex_medium, minmay_crystal_water, st_stairs_5
D:4:      layout_basic, eat_drink_and_be_merry_uskayaw,
          minmay_temple_entry_ruins, serial_glass, glass_columns_a,
          glass_columns_a, glass_columns_c, glass_columns_b, glass_columns_b,
          glass_columns_a, glass_columns_a, glass_columns_b, glass_columns_b,
          glass_columns_a, minmay_rat_hole, uniq_crazy_yiuf_cottage,
          uniq_blork_the_orc, uniq_ijyb
D:5:      layout_loops_corners, good_gods_mini_temple,
          nicolae_overflow_guarded_unrand_okawaru_victory
D:6:      layout_rooms, mainiacjoe_overflow_alcove_2,
          lightli_ossuary_entry_decrepit_ruins, hex_intersection, uniq_maggie
D:7:      layout_layer_cave, nicolae_hepliaklqana_hazy_memory,
          mainiacjoe_overflow_six_doors_small, grunt_temple_overflow_diamond,
          hangedman_decor_diamond_cutter
D:8:      layout_loops_corners, minmay_mini_ossuary
D:9:      layout_cross, serial_shops, shop, chequers_big_river, uniq_grum,
          uniq_pikel
D:10:     layout_irregular_city, david_orc_3, ebering_ghost_funeral_grove,
          enter_bailey_2
D:11:     layout_small_grid, grunt_lair_entry_orc_guard_hut, lemuel_old_faithful
D:12:     layout_long_grid, serial_ice, serial_ice_e, serial_ice_j,
          serial_ice_g, serial_ice_m, portal_ice_cave_entry_pillars_2, pond
D:13:     layout_long_grid, serial_shops, shop, uniq_rupert
D:14:     layout_cave_pools, skrybe_vaults_entry_preservation,
          grunt_dithmenos_shadows, tgw_trog, uniq_nessos
D:15:     vault_1, layout_basic, eino_curves_04, st_stairs_3,
          due_unseen_surprise
Temple:   cyrus_temple_forest
Lair:1:   layout_regular_city, patterned_corridor
Lair:2:   layout_loops_ring, spider_nest_entry_funnel_web,
          nicolae_lair_grove_arrangements, worms_lemuel, serial_bayou_shore_a,
          uniq_amaemon
Lair:3:   layout_loops_ring, shoals_dummy_entry, gammafunk_ghost_icy,
          grunt_megastairs_5
Lair:4:   layout_gridlike, roderic_batcave, lemuel_centaur_altar
Lair:5:   hellmonk_lair_end_abyssal_woods, layout_hall_layers, slime_entry_1,
          uniq_josephine
Shoals:1: layout_shoals, serial_shops, nicolae_shop_bloodbath_and_beyond,
          nicolae_shoals_kraken_intersection
Shoals:2: cheibrodos_shoals_oceanic_diplomacy, layout_shoals
Shoals:3: cheibrodos_shoals_roost, layout_shoals, nzn_prometheus_bound,
          uniq_mlioglotl
Shoals:4: shoals_end_grunt_ice, layout_shoals
Spider:1: nicolae_spider_mines_3
Spider:2: layout_spider_delve
Spider:3: layout_spider_delve
Spider:4: grunt_spider_rune_parallel
Orc:1:    layout_caves
Orc:2:    pf_orc_diabolical, layout_diamond_mine, serial_shops,
          nicolae_shop_tiny_waterfront, basic_altar, blackcustard_rock_pile,
          uniq_azrael
Elf:1:    elf_arrival_001, layout_loops_corners, hangedman_elf_disciples,
          st_stairs_12, feat_on_display, uniq_agnes, uniq_nikola, uniq_jorgrun
Elf:2:    nicolae_elf_blades_crystal_corner, layout_gridlike,
          portal_desolation_entry_holy_temple, serial_shops, bzr_entry_dummy
Elf:3:    grunt_elf_hall_diamonds, layout_geoelf_castle,
          chequers_hall_statues_y, minmay_elf_demonology
Vaults:1: hangedman_vaults_unwind, nicolae_vaults_storage_room_water,
          vaults_mumra_chevron, nicolae_vaults_trapezoid_4,
          nicolae_vaults_offset_grid_hallway_4, vaults_room_grid,
          nicolae_vaults_shrinking_rooms_2, vaults_room_fancy_cross,
          nicolae_vaults_mini_display_case, serial_ice_h,
          hangedman_vaults_capsules, ontoclasm_vaults_chip,
          nicolae_vaults_more_shelving_1, layout_vaults_omnicross, serial_shops,
          shop, uniq_boris
Vaults:2: minmay_crypt_entry_simple_box, v_misc_24,
          nicolae_vaults_network_periphery, nicolae_vaults_shrinking_rooms_1,
          v_misc_30, v_misc_33, v_pattern_5, grunt_vaults_funnel,
          nicolae_vaults_tetromino_T_2, v_misc_17,
          nicolae_vaults_trapezoid_lopsided_3, layout_vaults_ring, serial_shops,
          nicolae_shop_hallway_stairs, uniq_asterion, uniq_donald
Vaults:3: nicolae_vaults_more_shelving_2, v_alt_pattern_2,
          nicolae_vaults_apartment_1, nicolae_vaults_windows_and_doors_thing,
          st_lines, nicolae_vaults_hexular_roomagon, grunt_vaults_focal,
          nicolae_vaults_storage_closets_1, ontoclasm_vaults_shuriken,
          vaults_room_semicircle, ontoclasm_vaults_pinch,
          layout_vaults_chaotic_city, uniq_sojobo, uniq_frederick
Vaults:4: vaults_room_pools, ontoclasm_vaults_claustrophobia,
          hangedman_vaults_maws, nicolae_vaults_turnstiles,
          nicolae_vaults_door_testing_chamber, vaults_dpeg_diagonal,
          dpeg_vaults_monster_row, nicolae_vaults_heart-shaped_vault,
          vaults_room_fours, layout_vaults_omnigrid
Vaults:5
Crypt:1:  layout_chaotic_city, grunt_megastairs_3, grunt_crypt_arrival_webbed,
          uniq_bai_suzhen
Crypt:2:  layout_catacombs, roderic_lattice_octagonal_star
Crypt:3:  grunt_crypt_end_deaths_head
Depths:1: layout_cave_pools, abyss_entry_crystal, pf_hell_entry_tar_river,
          hangedman_decor_push, kennysheep_crisscross, lemuel_blue_sif_altar,
          minmay_shop_grove, uniq_enchantress
Depths:2: hangedman_crystal_crosses_colossus [crystal_crosses_arms_four,
          crystal_crosses_arms_one, crystal_crosses_arms_one], hell_entry,
          serial_shops, pan_entry
Depths:3: minmay_shrinking_squares, layout_basic, enter_ziggurat_f, abyss_entry,
          minmay_misc_feat_doors, hell_entry, rand_demon_pan_entry_5,
          grunt_ministairs_14, drop_trap, infiniplex_staircase_pillars_3a,
          firewood_loft
Depths:4: evilmike_zot_entry_diamond, layout_honeycomb, minmay_misc_feat_roman,
          pan_entry, abyss_entry, hangedman_geh_valley
Zot:1:    layout_gridlike, grunt_ministairs_15
Zot:2:    layout_gridlike, hangedman_zot_decor_checkerboard
Zot:3:    grunt_deathspiral_small, layout_cathedral_of_symmetry,
          regret_index_zotdec_bone_old, uniq_parghit
Zot:4:    evilmike_crystal_ball_defense, layout_cellular_growth,
          grunt_megastairs_1
Zot:5:    layout_cellular_growth, grunt_ministairs_6

Skill      XL: |  1  2  3  4  5  6  7  8  9 10 11 12 13 14 15 16 17 18 19 20 21 22 23 24 25 26 27 |
---------------+----------------------------------------------------------------------------------+-----
Conjurations   | 1 2 3 4 6 7 |  7.7
Air Magic      | 1 2 3 4 6 7 9 11 13 14 15 17 | 17.0
Spellcasting   | 3 4 5 7 8 9 10 11 12 13 14 16 17 | 17.0
Alchemy        | 5 6 10 12 | 12.0
Evocations     | 2 3 4 5 6 |  6.1
Fighting       | 1 2 3 9 10 11 12 13 14 15 | 15.5
Throwing       | 1 3 |  3.5
Dodging        | 3 5 6 |  6.8
Invocations    | 1 3 4 7 13 16 17 | 17.1
Fire Magic     | 5 6 7 9 10 11 12 13 14 | 14.2
Ice Magic      | 4 8 9 10 11 15 17 | 17.0
Shields        | 5 6 7 |  7.9
Staves         | 5 |  5.8
Translocations | 2 3 5 |  5.8
Armour         | 5 7 8 9 10 | 10.3
Necromancy     | 5 7 8 9 10 | 10.0
Earth Magic    | 4 6 7 8 9 |  9.5
Stealth        | 4 |  4.9

Action                     |  1- 3 |  4- 6 |  7- 9 | 10-12 | 13-15 | 16-18 | 19-21 | 22-24 | 25-27 || total
---------------------------+-------+-------+-------+-------+-------+-------+-------+-------+-------++-------
  Melee: Unarmed           |    10 |       |       |       |       |       |       |       |       ||    10
         Short sword       |    10 |       |       |       |       |       |       |       |       ||    10
         Dagger            |       |    29 |       |       |       |       |       |       |       ||    29
         Whip              |       |       |   122 |    15 |     6 |       |       |       |       ||   143
         Punch             |       |       |     2 |       |       |     2 |       |       |       ||     4
         Staff             |       |       |       |       |    59 |    44 |    56 |    22 |     2 ||   183
  Throw: Stone             |       |     3 |       |       |       |       |       |       |       ||     3
         Boomerang         |       |       |       |       |     1 |       |       |       |       ||     1
         Throwing net      |       |       |       |       |       |     1 |       |     1 |       ||     2
         Dart              |       |       |       |       |       |     1 |       |       |       ||     1
   Cast: Sting             |    76 |   139 |    66 |    20 |    57 |       |       |       |       ||   358
         Mephitic Cloud    |       |     3 |     2 |    15 |     5 |       |       |       |       ||    25
         Mercury Vapours   |       |     1 |       |       |       |     1 |       |       |       ||     2
         Olgreb's Toxic Ra |       |     1 |    19 |    90 |   203 |   143 |    12 |       |       ||   468
         Ignite Poison     |       |       |     8 |    71 |   165 |   108 |     9 |       |       ||   361
         Freezing Cloud    |       |       |       |     1 |    47 |     1 |       |       |       ||    49
         Plasma Beam       |       |       |       |       |    23 |   320 |   195 |   420 |   136 ||  1094
         Irradiate         |       |       |       |       |       |    24 |    72 |    48 |    34 ||   178
         Sublimation of Bl |       |       |       |       |       |    11 |   312 |   315 |   143 ||   781
         Ozocubu's Refrige |       |       |       |       |       |       |   350 |   253 |   205 ||   808
         Iskenderun's Myst |       |       |       |       |       |       |     5 |     3 |     6 ||    14
         Lee's Rapid Decon |       |       |       |       |       |       |       |     2 |     4 ||     6
         Maxwell's Capacit |       |       |       |       |       |       |       |       |    25 ||    25
         Apportation       |       |       |       |       |       |       |       |       |     6 ||     6
         Passwall          |       |       |       |       |       |       |       |       |     5 ||     5
 Invoke: Wall of Briars    |       |       |       |     1 |       |       |       |       |       ||     1
         Grow Ballistomyce |       |       |       |       |     2 |       |       |       |       ||     2
         Grow Oklob        |       |       |       |       |       |       |     1 |       |       ||     1
  Evoke: Wand              |       |       |     4 |     1 |     1 |    12 |     2 |       |     5 ||    25
         Sack of spiders   |       |       |       |       |       |     1 |       |       |       ||     1
         Condenser vane    |       |       |       |       |       |     2 |     1 |       |       ||     3
    Use: Scroll            |       |     6 |     9 |     7 |    10 |    10 |     8 |    12 |    19 ||    81
         Potion            |       |     1 |       |     1 |       |     4 |    12 |     3 |    36 ||    57
   Stab: Paralysed         |       |       |    12 |       |       |     3 |       |       |       ||    15
         Distracted        |       |       |       |       |       |     1 |     1 |       |       ||     2
 Armour: Robe              |    11 |    27 |    43 |    47 |   167 |   175 |     2 |       |       ||   472
         Ring mail         |       |       |       |       |       |       |   213 |   191 |   222 ||   626
  Dodge: Dodged            |    28 |    42 |    93 |    52 |   114 |   106 |    94 |    67 |    81 ||   677
  Block: Buckler           |       |       |       |       |    21 |    26 |    52 |    54 |    64 ||   217

Table legend: (Time is in decaauts)
 A = Elapsed time spent in this place.
 B = Non-inter-level travel time spent in this place.
 C = Inter-level travel time spent in this place.
 D = Time resting spent in this place.
 E = Time spent auto-exploring this place.
 F = Levels seen in this place.
 G = Mean time per level.
                   A        B        C        D        E       F      G
               +--------+--------+--------+--------+--------+-----+--------+
         Total |  91222 |  85521 |   5701 |  18963 |  53180 |  56 | 1629.0 |
       Dungeon |  24161 |  21384 |   2777 |   2917 |  15091 |  15 | 1610.7 |
        Temple |     61 |     40 |     21 |      0 |      0 |   1 |   61.0 |
          Lair |   7015 |   6652 |    363 |    227 |   5347 |   5 | 1403.0 |
        Shoals |   6767 |   6657 |    110 |   1534 |   4506 |   4 | 1691.8 |
   Spider Nest |  10026 |   9736 |    290 |   4777 |   4209 |   4 | 2506.5 |
  Orcish Mines |   4348 |   3759 |    589 |    845 |   2438 |   2 | 2174.0 |
   Elven Halls |   8626 |   8286 |    340 |   2732 |   4557 |   3 | 2875.3 |
        Vaults |  12608 |  12016 |    592 |   1890 |   8376 |   5 | 2521.6 |
         Crypt |   4326 |   4179 |    147 |    799 |   2268 |   3 | 1442.0 |
        Depths |   7757 |   7288 |    469 |   1322 |   4899 |   4 | 1939.2 |
           Zot |   1134 |   1134 |      0 |    249 |    296 |   5 |  226.8 |
        Bazaar |     77 |     77 |      0 |      0 |      0 |   1 |   77.0 |
       Ossuary |    516 |    516 |      0 |     20 |    234 |   1 |  516.0 |
        Bailey |    691 |    691 |      0 |      0 |    518 |   1 |  691.0 |
      Ice Cave |    943 |    943 |      0 |    373 |    260 |   1 |  943.0 |
    Desolation |   2159 |   2159 |      0 |   1278 |    178 |   1 | 2159.0 |
               +--------+--------+--------+--------+--------+-----+--------+

Top non-repeatable levels by time:
Vaults:5: 3731 daAuts
   Orc:2: 3614 daAuts
Spider:4: 3500 daAuts
   Elf:3: 3342 daAuts
Spider:2: 2969 daAuts
   Elf:1: 2913 daAuts
    D:15: 2835 daAuts
Shoals:4: 2800 daAuts
Spider:1: 2744 daAuts
Depths:2: 2615 daAuts
Vaults:2: 2379 daAuts
   Elf:2: 2370 daAuts
Vaults:3: 2358 daAuts
Depths:3: 2182 daAuts
Desolation: 2159 daAuts
